[Event "FIDE WCCC Open-08 2024"]
[Site "Montesilvano"]
[Date "2024.11.19"]
[Round "5.51"]
[White "Solovev, Nikolai"]
[Black "Thomas, Robert K"]
[Result "0-1"]
[ECO "B28"]
[WhiteElo "1446"]
[BlackElo "2166"]
[Annotator "RC"]
[PlyCount "76"]
[EventDate "2024.11.18"]
[EventType "swiss"]
[EventCountry "ITA"]
[SourceTitle "playchess.com"]
[Source "ChessBase"]
[SourceQuality "1"]
[TimeControl "5400+30"]

1. e4 c5 2. Nf3 a6 3. c3 d5 4. e5 Nc6 5. d4 cxd4 6. cxd4 Bg4 7. Be2 e6 8. Nc3 Bb4 9. O-O Nge7 10. Bf4 O-O 11. Bd3 Ng6 12. Be3 Qb6 13. h3 Bxf3 14. Qxf3 Qd8 15. Qg4 Qd7 16. h4 f5 17. exf6 Rxf6 18. Rfe1 Re8 19. h5 Nf8 20. Bg5 Rf7 21. Bh4 e5 22. Qxd7 Rxd7 23. dxe5 d4 24. e6 Nxe6 25. Bc4 Rd6 26. Bxe6+ Rexe6 27. Rxe6 Rxe6 28. Nd5 d3 29. Ne3 Bc5 30. Nc4 Re4 31. Na5 d2 32. Kf1 Rxh4 33. Ke2 Nxa5 34. Rd1 Rxh5 35. Rxd2 Re5+ 36. Kf1 Bb4 37. Rd8+ Kf7 38. a3 Re1# 0-1